 Dungeon Crawl Stone Soup version 0.23.0-3-gf3c87f2 (webtiles) character file.

Game seed: 18044107468530489165

282 ohad the Changer (level 6, -2/38 HPs)
             Began as an Octopode Transmuter on Feb 22, 2019.
             Slain by Edmund
             ... wielding a +1 flail of crushing
              (11 damage)
             ... on level 4 of the Dungeon.
             The game lasted 00:07:15 (3810 turns).

ohad the Changer (Octopode Transmuter)              Turns: 3810, Time: 00:07:16

Health: -2/38      AC:  2    Str:  9    XL:     6   Next: 28%
Magic:  5/9        EV: 19    Int: 18    God:
Gold:   333        SH:  0    Dex: 17    Spells: 3/9 levels left

rFire    . . .     SeeInvis .     - Unarmed
rCold    . . .     Gourm    .   (shield currently unavailable)
rNeg     . . .     Faith    .   (helmet currently unavailable)
rPois    x         Spirit   .   (no amulet)
rElec    .         Reflect  .   (no ring)
rCorr    .         Harm     .   (no ring)
MR       .....                  (no ring)
Stlth    ++........             (no ring)
HPRegen  0.12/turn              (no ring)
MPRegen  0.11/turn              (no ring)
                                (no ring)
                                (no ring)

@: spider-form, lightly drained
A: tiny, almost no armour, stealthy swim, (amphibious), 8 rings, (constrict 8)
a: End Transformation


You were on level 4 of the Dungeon.
You were hungry.
You were a venomous arachnid creature.
You visited 1 branch of the dungeon, and saw 4 of its levels.

You collected 333 gold pieces.

Inventory:

Missiles
 a - 9 arrows
Armour
 h - a +2 hat of magic resistance (melded)
Jewellery
 g - an uncursed amulet of harm
Scrolls
 d - a scroll of teleportation {unknown}
 j - a scroll of enchant armour {unknown}
 k - a scroll of enchant weapon {unknown}
 l - 2 scrolls of identify {unknown}
 m - 2 scrolls of magic mapping {unknown}
 p - a scroll of fear {unknown}
Potions
 b - a potion of degeneration {unknown}
 e - a potion of agility
 i - a potion of invisibility {unknown}
 n - a potion of flight {unknown}
 o - a potion of brilliance {unknown}
Comestibles
 c - 4 rations


   Skills:
 - Level 1.0(0.8) Fighting
 - Level 2.0(1.8) Dodging
 - Level 3.0(2.8) Unarmed Combat
 - Level 2.0(1.8) Spellcasting
 + Level 6.4(6.2) Transmutations


You had 3 spell levels left.
You knew the following spells:

 Your Spells              Type           Power        Failure   Level  Hunger
a - Beastly Appendage     Tmut           ###...       6%          1    #......
b - Sticks to Snakes      Tmut           ###.....     9%          2    ###....
c - Spider Form           Tmut/Pois      ##........   34%         3    ###....

Your spell library contained the following spells:

 Spells                   Type           Power        Failure   Level  Hunger
 Blade Hands              Tmut           ###.......   58%         5    ######.
 Ice Form                 Ice/Tmut       ##......     67%         4    #####..


Dungeon Overview and Level Annotations

Branches:
Dungeon (4/15)
 Temple: D:4-7

Altars:
Kikubaaqudgha

Annotations:
D:3 Grinder
D:4 Edmund


Innate Abilities, Weirdness & Mutations

You cannot wear most types of armour.
You are very stealthy in the water. (Stealth+)
((You are amphibious.))
You can wear up to eight rings at the same time.
((You can use your tentacles to constrict eight enemies at once.))
((Your skin changes colour to match your surroundings (Stealth+).))
((Your rubbery body absorbs attacks. (AC +1, EV +1)))


Message History

Edmund is lightly wounded.
Edmund hits you with a +1 flail of crushing.
* * * LOW HITPOINT WARNING * * *
x2 You hit Edmund but do no damage.
Edmund is poisoned.
Edmund is lightly wounded.
Edmund misses you.
You hit Edmund.
Edmund looks as sick as possible!
Edmund is lightly wounded.
Edmund closely misses you.
Unknown command.
You hit Edmund.
Edmund looks as sick as possible!
Edmund is moderately wounded.
Edmund completely misses you.
You barely miss Edmund.
Edmund is moderately wounded.
Unknown command.
You barely miss Edmund.
Edmund is heavily wounded.
Edmund hits you with a +1 flail of crushing!
You die...

#...........#.#.#.#
#...........#.#.#.#
#...........#.#.#.#
#...........#.#.#.#
#...........#.#.#.##########
#...........#.#.#..........#
#...........#.#.##########.#
#...........#.#.......# #.#
#...........#s#######.# #.#
#############@# #.# #.#
####r#######.####.#
#....?.....#......#
#.##.#####.######## #
#......... #..###.#.# #.<#
#...


You could see Edmund and a quokka.

Vanquished Creatures
  A scorpion (D:4)
  A hound (D:4)
  An orc priest (D:4)
  A worker ant (D:4)
  6 adders
  An ooze (D:1)
  A worm (D:3)
  4 dart slugs
  5 leopard geckos
  3 orcs
  4 bats
  2 giant cockroaches
  11 goblins
  12 hobgoblins
  7 jackals
  7 kobolds
  2 ball pythons (D:2)
  7 frilled lizards
  6 rats
82 creatures vanquished.

Notes
Turn   | Place    | Note
-------+----------+-------------------------------------------
     0 | D:1      | ohad the Octopode Transmuter began the quest for the Orb.
     0 | D:1      | Reached XP level 1. HP: 13/13 MP: 3/3
   197 | D:1      | Reached XP level 2. HP: 18/18 MP: 5/5
   266 | D:1      | Reached skill level 3 in Transmutations
   664 | D:1      | Reached XP level 3. HP: 19/23 MP: 6/6
  1056 | D:2      | Reached skill level 4 in Transmutations
  1173 | D:2      | Reached XP level 4. HP: 21/28 MP: 5/7
  1315 | D:2      | Learned a level 2 spell: Sticks to Snakes
  1319 | D:2      | Learned a level 3 spell: Spider Form
  1352 | D:2      | Found an ancient bone altar of Kikubaaqudgha.
  2037 | D:2      | Reached skill level 5 in Transmutations
  2079 | D:2      | Reached XP level 5. HP: 33/33 MP: 6/8
  2316 | D:3      | Noticed Grinder
  3207 | D:4      | Reached skill level 6 in Transmutations
  3406 | D:4      | Reached XP level 6. HP: 3/38 MP: 6/9
  3791 | D:4      | Noticed Edmund
  3810 | D:4      | Slain by Edmund

Skill      XL: |  1  2  3  4  5 |
---------------+----------------+-----
Transmutations | 3 4 5 6 |  6.4
Fighting       | |  1.0
Dodging        | |  2.0
Unarmed Combat | |  3.0
Spellcasting   | |  2.0

Action                   |  1- 3 |  4- 6 || total
-------------------------+-------+-------++-------
Melee: Unarmed           |    83 |   118 ||   201
       Constrict         |    18 |    29 ||    47
       Kick              |    16 |    20 ||    36
       Tentacles         |    10 |    20 ||    30
 Cast: Beastly Appendage |    16 |    24 ||    40
       Sticks to Snakes  |       |     3 ||     3
       Spider Form       |       |     4 ||     4
 Stab: Sleeping          |     2 |     5 ||     7
       Distracted        |       |     1 ||     1
  Eat: Chunk             |     1 |    10 ||    11
Armor: Skin              |     9 |    18 ||    27
Dodge: Dodged            |    37 |    68 ||   105
